 Dungeon Crawl Stone Soup version 0.29-a0-1027-gcd8c55af63 (webtiles) character file.

Game seed: 972067470589019817

530 drpainis the Covert (level 7, -2/32 HPs)
             Began as a Spriggan Enchanter on Aug 13, 2022.
             Slain by a bullfrog zombie (6 damage)
             ... on level 5 of the Dungeon.
             The game lasted 00:08:12 (5789 turns).

drpainis the Covert (Spriggan Enchanter)            Turns: 5789, Time: 00:08:13

Health: -2/32      AC:  2    Str:  4    XL:     7   Next: 3%
Magic:  19/24      EV: 22    Int: 18    God:
Gold:   256        SH:  0    Dex: 16    Spells: 4/15 levels left

rFire   . . .      SeeInvis +   r - +1 dagger (venom)
rCold   . . .      Faith    .   (no shield)
rNeg    . . .      Spirit   .   b - +0 robe
rPois   .          Reflect  .   (helmet restricted)
rElec   .          Harm     .   (no cloak)
rCorr   .          Rampage  .   (gloves unavailable)
Will    +....                   (boots unavailable)
Stlth   ++++......              (no amulet)
HPRegen 0.10/turn               d - ring of magical power
MPRegen 0.19/turn               h - +4 ring of evasion

@: very quick
A: very small, no large weapons, unfitting armour, see invisible, speed 3
a: no special abilities


You were on level 5 of the Dungeon.
You visited 1 branch of the dungeon, and saw 5 of its levels.

You collected 256 gold pieces.

Inventory:

Hand Weapons
 a - a +1 dagger
 r - a +1 dagger of venom (weapon)
 u - a +2 dagger of electrocution
 w - a +1 short sword of venom
Missiles
 t - 2 silver boomerangs (quivered)
Armour
 b - a +0 robe (worn)
Jewellery
 d - a ring of magical power (left hand)
 h - a +4 ring of evasion (right hand)
 j - a ring of poison resistance
Scrolls
 g - a scroll of teleportation {unknown}
 k - a scroll of butterflies {unknown}
 l - a scroll of amnesia {unknown}
 m - a scroll of fear {unknown}
 n - a scroll of noise {unknown}
 o - 2 scrolls of identify {unknown}
 p - 2 scrolls of silence {unknown}
 q - a scroll of torment {unknown}
Potions
 c - 2 potions of invisibility
 e - a potion of flight {unknown}
 f - 2 potions of attraction {unknown}
 i - a potion of magic {unknown}
 s - a potion of mutation {unknown}
 v - a potion of lignification {unknown}


   Skills:
 + Level 0.7 Fighting
 + Level 2.1 Short Blades
 + Level 3.3 Dodging
 + Level 8.1 Stealth
 + Level 4.8 Spellcasting
 + Level 5.2 Hexes
 + Level 1.9 Ice Magic


You had 4 spell levels left.
You knew the following spells:

 Your Spells              Type           Power      Damage    Failure   Level
a - Ensorcelled Hibernat  Hex/Ice        34%        N/A       4%          2
b - Confusing Touch       Hex            23%        N/A       4%          3
c - Tukima's Dance        Hex            23%        N/A       4%          3
d - Dazzling Flash        Conj/Hex       26%        N/A       14%         3

Your spell library contained the following spells:

 Spells                   Type           Power      Damage    Failure   Level
 Portal Projectile        Hex/Tloc       26%        N/A       14%         3
 Ozocubu's Armour         Ice            11%        N/A       19%         3
 Blink                    Tloc           8%         N/A       21%         2
 Static Discharge         Conj/Air       4%         3-4/arc   21%         2
 Lesser Beckoning         Tloc           4%         N/A       38%         3
 Dispel Undead            Necr           4%         3d7       80%         4
 Sticky Flame             Conj/Fire      4%         2d3       80%         4
 Metabolic Englaciation   Hex/Ice        8%         N/A       65%         5
 Blade Hands              Tmut           2%         N/A       98%         5
 Manifold Assault         Tloc           4%         N/A       98%         5
 Simulacrum               Ice/Necr       3%         N/A       100%        6


Dungeon Overview and Level Annotations

Branches:
Dungeon (5/15)
 Temple: D:4-7

Altars:
Cheibriados
Elyvilon

Shops:
D:3 (


Innate Abilities, Weirdness & Mutations

You are very small and have problems with some larger weapons.
You are too small for most types of armour.
You have supernaturally acute eyesight. (SInv)
You cover ground extremely quickly. (Speed+++)


Message History

The bullfrog zombie is moderately damaged.
The scorpion zombie completely misses you.
The bullfrog zombie misses you.
You hit the bullfrog zombie.
The bullfrog zombie is moderately damaged.
The bullfrog zombie completely misses you.
The scorpion zombie misses you. The bullfrog zombie hits you.
* * * LOW HITPOINT WARNING * * *
The scorpion zombie barely misses you.
Casting: Confusing Touch (dangerous; 4% risk of failure)
Confirm with . or Enter, or press ? or * to list all spells.
You can't see any susceptible monsters within range! (Use Z to cast anyway.) Unknown command.
Casting: Confusing Touch (dangerous; 4% risk of failure)
Confirm with . or Enter, or press ? or * to list all spells.
Your hands begin to glow red.
The scorpion zombie hits you.
* * * LOW HITPOINT WARNING * * *
There are monsters nearby!
Unknown command.
You hit the scorpion zombie but do no damage.
The scorpion zombie appears confused.
The scorpion zombie completely misses you.
You hit the scorpion zombie.
The scorpion zombie is lightly damaged.
You hit the bullfrog zombie.
The bullfrog zombie is moderately damaged.
The bullfrog zombie completely misses you.
The scorpion zombie misses you.
Casting: Confusing Touch (dangerous; 4% risk of failure)
Confirm with . or Enter, or press ? or * to list all spells.
Your hands begin to glow red.
The bullfrog zombie hits you.
* * * LOW HITPOINT WARNING * * *
There are monsters nearby!
Unknown command.
You hit the bullfrog zombie but do no damage.
The bullfrog zombie appears confused.
You punch the bullfrog zombie.
The bullfrog zombie is moderately damaged.
The bullfrog zombie hits you.
You die...

#.........#........
##.........#........
#........!.#........
............#........
#............#.......(
#######....!.#........
###......#.####.##
#.8.8....#........
#@P...####.###.###
#.Z...# #..(...
#Z....# #######
###...# #####


You could see a bullfrog zombie (confused) and a scorpion zombie (confused).

Vanquished Creatures
  Duvessa (D:4)
  A scorpion (D:4)
  A necrophage (D:5)
  Dowan (D:4)
  2 hounds (D:4)
  Robin (D:3)
  2 gnolls (D:4)
  5 adders
  An adder zombie (D:5)
  A worm (D:2)
  4 dart slugs
  6 orcs
  5 ball pythons
  10 endoplasms
  6 giant cockroaches
  11 goblins
  6 hobgoblins
  10 jackals
  10 kobolds
  A quokka (D:1)
  5 bats
  5 frilled lizards
  4 rats
99 creatures vanquished.

Vanquished Creatures (collateral kills)
  A gnoll (D:4)
1 creature vanquished.

Vanquished Creatures (others)
  2 dancing weapons (D:4)
  3 plants (D:4)
5 creatures vanquished.

Grand Total: 105 creatures vanquished

Notes
Turn   | Place    | Note
-------+----------+-------------------------------------------
     0 | D:1      | drpainis the Spriggan Enchanter began the quest for the
                  | Orb.
     0 | D:1      | Reached XP level 1. HP: 9/9 MP: 5/5
   229 | D:1      | Reached XP level 2. HP: 7/13 MP: 7/7
   411 | D:1      | Learned a level 2 spell: Ensorcelled Hibernation
   927 | D:1      | Reached skill level 5 in Stealth
  1173 | D:1      | Found a faded altar of an unknown god.
  1262 | D:1      | Reached XP level 3. HP: 16/16 MP: 8/8
  1933 | D:2      | Found a white marble altar of Elyvilon.
  2057 | D:2      | Learned a level 3 spell: Confusing Touch
  2061 | D:2      | Learned a level 3 spell: Tukima's Dance
  2213 | D:2      | Reached skill level 6 in Stealth
  2213 | D:2      | Reached XP level 4. HP: 17/21 MP: 9/9
  2839 | D:3      | Found Dieck's Weapon Shop.
  3046 | D:3      | Noticed Robin
  3360 | D:3      | Killed Robin
  3741 | D:3      | Reached skill level 1 in Ice Magic
  4452 | D:4      | Noticed a scorpion
  4458 | D:4      | Killed a scorpion
  4459 | D:4      | Reached XP level 5. HP: 25/25 MP: 11/11
  4467 | D:4      | Learned a level 3 spell: Dazzling Flash
  4628 | D:4      | Reached skill level 7 in Stealth
  4856 | D:4      | Noticed Dowan
  4859 | D:4      | Noticed Duvessa
  4914 | D:4      | Killed Duvessa
  4915 | D:4      | Reached XP level 6. HP: 21/29 MP: 10/13
  4940 | D:4      | Killed Dowan
  4941 | D:4      | Reached skill level 5 in Hexes
  5304 | D:4      | Found a snail-covered altar of Cheibriados.
  5546 | D:5      | Entered Level 5 of the Dungeon
  5637 | D:5      | Reached skill level 8 in Stealth
  5637 | D:5      | Reached XP level 7. HP: 24/32 MP: 12/15
  5789 | D:5      | Slain by a bullfrog zombie

Illustrated notes

Levels and vault maps discovered:
D:1:      dpeg_chamrin_arrival_tetris, layout_basic,
          hellmonk_ecumenical_altar_crossroads
D:2:      layout_loops_ring, basic_altar
D:3:      layout_loops_ring, serial_shops, nicolae_diamond_shop, minmay_unequal,
          uniq_robin
D:4:      nicolae_cairo_tiling_large, layout_loops_cross,
          mainiacjoe_overflow_cross_hatched, st_stairs_11,
          kennysheep_generic_room_3, uniq_duvessa
D:5:      layout_basic, worldfamousw_hep_ancestral_shrine, serial_undead,
          serial_undead_f, serial_undead_f, serial_undead_c, serial_undead_c

Skill      XL: |  1  2  3  4  5  6 |
---------------+-------------------+-----
Spellcasting   | 3 4 |  4.8
Hexes          | 4 5 |  5.2
Stealth        | 5 6 7 8 |  8.1
Ice Magic      | 1 |  1.9
Dodging        | 3 |  3.3
Short Blades   | 2 |  2.1
Fighting       | |  0.7

Action                   |  1- 3 |  4- 6 |  7- 9 || total
-------------------------+-------+-------+-------++-------
Melee: Dagger            |   137 |   136 |    21 ||   294
       Punch             |       |     2 |     2 ||     4
 Cast: Ensorcelled Hiber |    23 |    39 |       ||    62
       Tukima's Dance    |       |     5 |       ||     5
       Confusing Touch   |       |     3 |     2 ||     5
       Dazzling Flash    |       |     2 |       ||     2
  Use: Potion            |       |     1 |       ||     1
 Stab: Sleeping          |    29 |    27 |       ||    56
       Confused          |       |     4 |       ||     4
       Distracted        |       |     1 |       ||     1
       Invisible         |       |     1 |       ||     1
Armor: Robe              |    18 |     9 |     3 ||    30
Dodge: Dodged            |   115 |   138 |    37 ||   290

Table legend: (Time is in decaauts)
 A = Elapsed time spent in this place.
 B = Non-inter-level travel time spent in this place.
 C = Inter-level travel time spent in this place.
 D = Time resting spent in this place.
 E = Time spent auto-exploring this place.
 F = Levels seen in this place.
 G = Mean time per level.
                   A        B        C        D        E       F      G
               +--------+--------+--------+--------+--------+-----+--------+
         Total |   4586 |   4539 |     47 |   1794 |   1864 |   5 |  917.2 |
       Dungeon |   4586 |   4539 |     47 |   1794 |   1864 |   5 |  917.2 |
               +--------+--------+--------+--------+--------+-----+--------+

Top non-repeatable levels by time:
     D:1: 1144 daAuts
     D:4: 1110 daAuts
     D:3: 1075 daAuts
     D:2: 1063 daAuts
     D:5: 193 daAuts
